[Event "*** Titled Tuesday Blitz"]
[Site "Chess.com"]
[Date "2020.11.10"]
[Round "2"]
[White "Kiborg95"]
[Black "ErikBlomqvist"]
[Result "1-0"]
[WhiteElo "2748"]
[BlackElo "2512"]
[TimeControl "180+1"]
[EndTime "10:19:06 PST"]
[Termination "Kiborg95 won on time"]

1. e4 c5 2. Nc3 e6 3. Nf3 Nc6 4. d4 cxd4 5. Nxd4 a6 6. Be3 Nf6 7. Bd3 Qc7 8. Nb3 b5 9. f4 d6 10.
O-O Bb7 11. Qf3 Be7 12. Qh3 h5 13. Kh1 Nb4 14. a3 Nxd3 15. cxd3 Rc8 16. Nd4 Qd7 17. Qf3 g6 18. Nde2 Ng4 19. Bd4 Rh7 20.
h3 e5 21. Bg1 Kf8 22. Qg3 Kg7 23. Rf3 exf4 24. Rxf4 Bg5 25. Rff1 Bf6 26. d4 Re8 27. d5 Be5 28. Bd4 Kg8 29. Bxe5 Nxe5 30. Rf6 Qe7 31.
Raf1 Bc8 32. Nd4 Kh8 33. Nc6 Nxc6 34. dxc6 Be6 35. Nd5 Qd8 36. c7 Qd7 37. Qc3 Rc8 38. Rxe6+ 1-0

[Event "*** Titled Tuesday Blitz"]
[Site "Chess.com"]
[Date "2020.11.10"]
[Round "2"]
[White "novocane"]
[Black "pooh2012"]
[Result "0-1"]
[WhiteElo "2291"]
[BlackElo "2481"]
[TimeControl "180+1"]
[EndTime "10:19:07 PST"]
[Termination "pooh2012 won by resignation"]

1. d4 Nf6 2. c4 e6 3. Nc3 Bb4 4. e3 O-O 5. Ne2 d5 6. a3 Bd6 7. Ng3 b6 8. Bd3 a5 9. O-O dxc4 10. Bxc4 Ba6 11. Bxa6 Nxa6 12. e4 e5 13. d5 Nc5 14.
Be3 Qd7 15. Qf3 Qg4 16. Qxg4 Nxg4 17. Bxc5 Bxc5 18. Nb5 Rfc8 19. h3 Nf6 20. Rfe1 c6 21. dxc6 Rxc6 22. Nf5 g6 23. Nh6+ Kg7 24. Ng4 Nxg4 25. hxg4 Rf6 26. Re2 Rd8 27. Kf1 Rf4 28.
f3 h5 29. gxh5 Rh4 30. Ree1 Rd2 0-1

[Event "*** Titled Tuesday Blitz"]
[Site "Chess.com"]
[Date "2020.11.10"]
[Round "2"]
[White "alejanchess73"]
[Black "Matols"]
[Result "1-0"]
[WhiteElo "2461"]
[BlackElo "2263"]
[TimeControl "180+1"]
[EndTime "10:19:07 PST"]
[Termination "alejanchess73 won on time"]

1. d4 Nf6 2. c4 e6 3. Nc3 Bb4 4. a3 Bxc3+ 5. bxc3 c5 6. f3 d5 7. cxd5 exd5 8. e3 O-O 9. Bd3 c4 10. Bb1 Re8 11. Ne2 Nc6 12. O-O Bd7 13. Ra2 b5 14.
Ng3 a5 15. e4 dxe4 16. fxe4 b4 17. e5 Nd5 18. Bxh7+ Kxh7 19. Qh5+ Kg8 20. Qxf7+ Kh8 21. Qxd5 bxc3 22. Raf2 Ne7 23. Qf3 Bc6 24. Qh5+ Kg8 25. Qf7+ Kh8 26. Rf4 Nd5 27. Rg4 Qe7 28. Qh5+ Kg8 29.
Bg5 Qe6 30. Rh4 1-0

[Event "*** Titled Tuesday Blitz"]
[Site "Chess.com"]
[Date "2020.11.10"]
[Round "2"]
[White "InitiatingASC"]
[Black "WiktoriaPOL"]
[Result "1-0"]
[WhiteElo "2385"]
[BlackElo "2090"]
[TimeControl "180+1"]
[EndTime "10:19:07 PST"]
[Termination "InitiatingASC won on time"]

1. Nf3 c5 2. b3 Nc6 3. Bb2 d5 4. e3 Nf6 5. c4 d4 6. exd4 cxd4 7.
d3 Bg4 8. Be2 g6 9. O-O Qd7 10.
b4 Bxf3 11. Bxf3 Nxb4 12. Qb3 Nc6 13. Re1 Bg7 14. Ba3 e6 15. Nd2 Bf8 16. Rab1 Bxa3 17. Qxa3 b6 18. Nb3 Rc8 19. h4 h5 20. g3 Ne7 21. Qb2 O-O 22. Nxd4 Kg7 23. Nb5 Qxd3 24. Be2 Qd7 25. Rbd1 Qe8 26. Nd6 Qc6 27. Nxc8 Rxc8 28. Rd2 Nf5 29. Red1 a5 30. Bf1 1-0

[Event "*** Titled Tuesday Blitz"]
[Site "Chess.com"]
[Date "2020.11.10"]
[Round "2"]
[White "MatyChess1"]
[Black "BilodeauA"]
[Result "0-1"]
[WhiteElo "2580"]
[BlackElo "2914"]
[TimeControl "180+1"]
[EndTime "10:19:09 PST"]
[Termination "BilodeauA won by checkmate"]

1. e4 e5 2. Nf3 Nc6 3. Bc4 Bc5 4.
c3 Nf6 5. d3 d6 6. Bb3 O-O 7.
h3 a5 8. Bg5 h6 9. Bh4 Be6 10.
Nbd2 g5 11. Bg3 Nh5 12. Nf1 Qf6 13. Bh2 Nf4 14. Ne3 a4 15. Bxe6 fxe6 16. Bxf4 Qxf4 17. Qe2 b5 18. O-O-O b4 19. Rdf1 a3 20. c4 axb2+ 21.
Kb1 b3 22. a3 Rxa3 23. Qxb2 Rfa8 24. h4 Ra2 25. Qxb3 Nd4 26. Qxa2 Rxa2 27. Kxa2 Qf8 28. hxg5 Qa8+ 29. Kb1 Qb7+ 30. Ka2 Qb3+ 31. Ka1 Nxf3 32. gxf3 Bd4# 0-1

[Event "*** Titled Tuesday Blitz"]
[Site "Chess.com"]
[Date "2020.11.10"]
[Round "2"]
[White "Nikithebest"]
[Black "oskariot"]
[Result "0-1"]
[WhiteElo "2450"]
[BlackElo "2696"]
[TimeControl "180+1"]
[EndTime "10:19:09 PST"]
[Termination "oskariot won by checkmate"]

1. e4 e6 2. d3 d5 3. Qe2 c5 4. Nf3 Nc6 5. g3 Nge7 6. Bg2 g6 7. h4 h6 8. O-O Bg7 9. c3 b6 10. Rd1 Ba6 11. e5 Qc7 12. Re1 O-O-O 13. Bf4 Rdg8 14. a4 g5 15. hxg5 hxg5 16. Nxg5 Ng6 17. b4 Nxf4 18. gxf4 Bxe5 19. b5 Bxf4 20. Nxe6 fxe6 21. Qxe6+ Kb8 22. bxa6 Qh7 23. Qxd5 Qh1# 0-1

[Event "*** Titled Tuesday Blitz"]
[Site "Chess.com"]
[Date "2020.11.10"]
[Round "2"]
[White "MIJuanReyesRosa"]
[Black "yourstrulyme"]
[Result "0-1"]
[WhiteElo "2139"]
[BlackElo "2399"]
[TimeControl "180+1"]
[EndTime "10:19:09 PST"]
[Termination "yourstrulyme won on time"]

1. Nf3 Nf6 2. c4 e6 3. d4 d5 4. Nc3 Be7 5. Bf4 O-O 6. e3 Nbd7 7. h3 a6 8. Qc2 dxc4 9. Bxc4 b5 10. Bd3 Bb7 11. O-O c5 12. Ne5 c4 13. Be4 Nxe4 14.
Nxe4 Nf6 15. Ng5 h6 16. Nexf7 Rxf7 17. Nxf7 Kxf7 18. Be5 Be4 19. Qe2 Bd3 20. Qf3 Bxf1 21. Rxf1 Qd5 22. Qg3 Rc8 23. Re1 Qe4 24. f3 Qg6 25.
Qf4 Kg8 0-1

[Event "*** Titled Tuesday Blitz"]
[Site "Chess.com"]
[Date "2020.11.10"]
[Round "2"]
[White "FMJoseHerrera"]
[Black "joppie2"]
[Result "0-1"]
[WhiteElo "2587"]
[BlackElo "2958"]
[TimeControl "180+1"]
[EndTime "10:19:10 PST"]
[Termination "joppie2 won on time"]

1. Nf3 g6 2. g3 Bg7 3. Bg2 e5 4. d3 d5 5. Nc3 Ne7 6. h4 h6 7. e4 d4 8. Ne2 c5 9. Bd2 Nbc6 10.
a3 Be6 11. b4 c4 12. b5 Nb8 13.
a4 c3 14. Bc1 a6 15. bxa6 Rxa6 16. O-O Nbc6 17. Nh2 Qd7 18. f4 Nb4 19. f5 gxf5 20.
exf5 Nxf5 21. Be4 Nd5 22. Bxf5 Bxf5 23. Ba3 Rxa4 24. Qb1 Ne3 25. Rf2 Bf8 26. Bxf8 Rxa1 27. Qxa1 Kxf8 28. Qa5 f6 29. Qb6 Kg7 30. g4 Be6 31. Ng3 Rf8 32. Qc5 Bxg4 33. Nxg4 Qxg4 0-1

[Event "*** Titled Tuesday Blitz"]
[Site "Chess.com"]
[Date "2020.11.10"]
[Round "2"]
[White "gui_borba"]
[Black "Matveev_Vladimir"]
[Result "1-0"]
[WhiteElo "2446"]
[BlackElo "2669"]
[TimeControl "180+1"]
[EndTime "10:19:11 PST"]
[Termination "gui_borba won by resignation"]

1. e4 c5 2. Nf3 d6 3. d4 cxd4 4. Nxd4 Nf6 5. Nc3 a6 6. Nb3 e5 7. Bg5 Be6 8. Bxf6 Qxf6 9. Nd5 Qd8 10. Qd3 Nd7 11. O-O-O Rc8 12. g3 Nb6 13. f4 Bxd5 14. exd5 Nd7 15. Bh3 Rc7 16. Rhe1 Be7 17. Bxd7+ Rxd7 18. fxe5 dxe5 19. Rxe5 O-O 20. Kb1 Bf6 21. Re2 Qb6 22.
Qf5 Rfd8 23. Re8+ Rxe8 24. Qxd7 Rd8 25. Qf5 Qb5 26. Qd3 Qb4 27. a3 Qb6 28. d6 a5 29. a4 h6 30. d7 Qc6 31. Nxa5 Qc7 32. Nb3 Qe5 33. c3 Qc7 34. Qd5 b6 35. Rd3 Qa7 36. Qc6 Qb8 37. Re3 Kh7 38. Re8 Qa7 39. Rxd8 Bxd8 40. Qe4+ g6 41. Qe8 Qc7 42. Qxf7+ Kh8 43.
Nd4 1-0

[Event "*** Titled Tuesday Blitz"]
[Site "Chess.com"]
[Date "2020.11.10"]
[Round "2"]
[White "Jenia84"]
[Black "NewBornNow"]
[Result "0-1"]
[WhiteElo "2317"]
[BlackElo "2643"]
[TimeControl "180+1"]
[EndTime "10:19:12 PST"]
[Termination "NewBornNow won by resignation"]

1. Nf3 c5 2. b3 d6 3. Bb2 e5 4. e3 f5 5. Be2 Nf6 6. d4 cxd4 7. exd4 e4 8. Ng5 d5 9. Qd2 h6 10. Nh3 g5 11. Nc3 Nc6 12. O-O-O f4 13. f3 e3 14. Qd3 Rg8 15. Rhe1 Nb4 16. Qb5+ Bd7 17. Qxb7 a6 18.
Na4 Bxa4 19. bxa4 Rg7 20. Bb5+ axb5 21. Qxb5+ Qd7 22. a3 Nc6 23. g3 Rb8 24. Qa6 Qb7 25. Qxb7 Rgxb7 26. gxf4 Rxb2 27. Rxe3+ Kd8 28. fxg5 hxg5 29.
Nxg5 Kd7 30. Kd2 Nxd4 31. Nf7 Rxc2+ 0-1

[Event "*** Titled Tuesday Blitz"]
[Site "Chess.com"]
[Date "2020.11.10"]
[Round "2"]
[White "NefeLV"]
[Black "Kaslask"]
[Result "0-1"]
[WhiteElo "1761"]
[BlackElo "2351"]
[TimeControl "180+1"]
[EndTime "10:19:12 PST"]
[Termination "Kaslask won by checkmate"]

1. c4 Nf6 2. d4 g6 3. Nc3 Bg7 4.
Nf3 d6 5. e4 O-O 6. Bd3 e5 7. d5 a5 8. O-O Na6 9. Be3 b6 10. Qd2 Nc5 11. Bxc5 bxc5 12. Ng5 h6 13. Nf3 Bg4 14. Ne1 Nh5 15. f3 Bd7 16. g3 Kh7 17. Ng2 Bf6 18. f4 exf4 19. gxf4 Bd4+ 20. Kh1 Bh3 21.
Rf3 Bg4 22. Rff1 f5 23. Ne2 Bxb2 24. Qxb2 Rb8 25. Qd2 Qf6 26. Qxa5 fxe4 27. Qxc7+ Ng7 28. Bxe4 Bxe2 29. Rf2 Qxa1+ 30. Ne1 Qxe1+ 31. Kg2 Bh5 32. Bd3 Qe3 33. Bc2 Rbe8 34. Qxd6 Qe7 35. Qc6 Rf6 36. Qb5 Ref8 37. a4 Rxf4 38. Rxf4 Qg5+ 39. Kh1 Rxf4 40.
Qb1 Bf3# 0-1

[Event "*** Titled Tuesday Blitz"]
[Site "Chess.com"]
[Date "2020.11.10"]
[Round "2"]
[White "Semetey"]
[Black "GOGIEFF"]
[Result "0-1"]
[WhiteElo "2566"]
[BlackElo "2888"]
[TimeControl "180+1"]
[EndTime "10:19:13 PST"]
[Termination "GOGIEFF won on time"]

1. e4 c5 2. Nc3 Nc6 3. Bb5 e6 4. Nf3 Nge7 5. O-O Qb6 6. Re1 Ng6 7. a4 Be7 8. e5 O-O 9. d3 Nd4 10. a5 Qc7 11. Nxd4 cxd4 12. Ne2 Qxe5 13. Bc4 d5 14. Bb3 Qf6 15. f4 Bd7 16. Bd2 Nh4 17. Rf1 Nf5 18. Qe1 Rac8 19. Rf3 Bd6 20. Qf2 Ne3 21.
Rc1 a6 22. Rg3 Nf5 23. Rg5 h6 24. Rh5 Bb5 25. Rb1 Ne3 26. Rc1 Rc7 27. Rh3 Rfc8 28. Nxd4 Ng4 29. Nxb5 Nxf2 30. Nxd6 Nxh3+ 0-1

[Event "*** Titled Tuesday Blitz"]
[Site "Chess.com"]
[Date "2020.11.10"]
[Round "2"]
[White "yobdc"]
[Black "FMOlexandrProhorov"]
[Result "1-0"]
[WhiteElo "2394"]
[BlackElo "2103"]
[TimeControl "180+1"]
[EndTime "10:19:15 PST"]
[Termination "yobdc won by resignation"]

1. d4 Nf6 2. Nf3 c5 3. e3 b6 4. Bd3 Bb7 5. O-O e6 6. Nbd2 Be7 7. b3 O-O 8. Bb2 d5 9. Ne5 Nbd7 10. f4 Qc7 11.
Qf3 Rac8 12. Qh3 g6 13. Rad1 Ne8 14. Ndf3 Ng7 15. Ng5 Bxg5 16. fxg5 Nxe5 17. dxe5 Nf5 18. Bxf5 exf5 19. c4 dxc4 20. bxc4 Qe7 21. Qg3 Qe6 22. Qf4 Rfd8 23. Rd6 Rxd6 24. exd6 Qe4 25. Qxe4 Bxe4 26. Bf6 Bc6 27. Rd1 Bd7 28. Rd5 Re8 29. Be7 Rc8 30. Kf2 Kg7 31. Bf6+ Kf8 32. Re5 Re8 33. Be7+ Kg8 34. e4 fxe4 35. Rxe4 Bc6 36. Ke3 f5 37. gxf6 Kf7 38. Rh4 h5 39. g4 hxg4 40. Rh7+ Ke6 41. f7 1-0

[Event "*** Titled Tuesday Blitz"]
[Site "Chess.com"]
[Date "2020.11.10"]
[Round "2"]
[White "LaStreetCmaMaison"]
[Black "Jumbo"]
[Result "1-0"]
[WhiteElo "2595"]
[BlackElo "2857"]
[TimeControl "180+1"]
[EndTime "10:19:18 PST"]
[Termination "LaStreetCmaMaison won by resignation"]

1. e4 e5 2. Nf3 Nc6 3. Bc4 Nf6 4. Ng5 d5 5. exd5 Na5 6. Bb5+ c6 7. dxc6 bxc6 8. Bd3 Bd6 9. Nc3 O-O 10. O-O h6 11. Nge4 Nxe4 12. Nxe4 Bc7 13. Qh5 f5 14. Ng3 e4 15. Be2 Kh7 16. d3 Re8 17. Nxf5 Re5 18.
dxe4 Bxf5 19. exf5 Qf6 20. Bd3 Bb6 21. Bd2 Rd8 22. Rad1 Red5 23. h4 R8d7 24. Bg5 Qe5 25. f6+ Rxd3 26. Rxd3 Rxd3 27. cxd3 Qf5 28. fxg7 1-0

[Event "*** Titled Tuesday Blitz"]
[Site "Chess.com"]
[Date "2020.11.10"]
[Round "2"]
[White "thedjoker98"]
[Black "Leo_C"]
[Result "1-0"]
[WhiteElo "2577"]
[BlackElo "2301"]
[TimeControl "180+1"]
[EndTime "10:19:18 PST"]
[Termination "thedjoker98 won by resignation"]

1. d4 d5 2. c4 e6 3. Nc3 a6 4. cxd5 exd5 5. Nf3 Nf6 6. Bg5 Be6 7. Bxf6 Qxf6 8. Qb3 Nd7 9. Nxd5 Qd8 10. Qxb7 Rb8 11.
Nxc7+ Ke7 12. Nxe6 Qa5+ 13. b4 Qa3 14. Qc7 Kxe6 15. d5+ Ke7 16. g3 Qxb4+ 17. Nd2 Qd4 18. Rd1 Qxd5 19. e4 Qc5 20. Qxd7+ Kxd7 21. Nb3+ Qd6 22.
Bxa6 Qxd1+ 23. Kxd1 Bb4 24. Ke2 Rhd8 25. Rc1 Rb6 26.
Bc4 f6 27. a4 Ra8 28. Bb5+ Kd6 29. Rd1+ Ke7 30. Nd4 Bc5 31. Nf5+ Kf8 32. Rd7 Rxb5 33. axb5 Ra2+ 34. Kd3 Rxf2 35. Nxg7 Rxh2 36. Ne6+ 1-0

[Event "*** Titled Tuesday Blitz"]
[Site "Chess.com"]
[Date "2020.11.10"]
[Round "2"]
[White "Sueetin"]
[Black "MillyNeuf"]
[Result "0-1"]
[WhiteElo "2274"]
[BlackElo "2467"]
[TimeControl "180+1"]
[EndTime "10:19:18 PST"]
[Termination "MillyNeuf won on time"]

1. c4 b6 2. Nc3 Bb7 3. e4 e5 4. Nge2 Nc6 5. g3 Bc5 6. Bg2 h5 7. h4 Nf6 8. d3 Ng4 9. O-O d6 10.
Nd5 Qd7 11. a3 O-O-O 12. b4 Bd4 13. Nxd4 Nxd4 14. f3 Nh6 15. Kh2 Bxd5 16. cxd5 Kb7 17.
Bh3 f5 18. Be3 Qf7 19. Bxd4 exd4 20. Qa4 Rhf8 21. Rac1 Qd7 22. b5 Qe7 23. Qxd4 f4 24.
Rc6 fxg3+ 25. Kg2 Qxh4 26. Rfc1 Rf7 27. Qc4 Rdd7 28. a4 g5 29. a5 g4 30. a6+ Kb8 31.
Rxb6+ axb6 32. a7+ Kxa7 33. Ra1+ Kb8 0-1

[Event "*** Titled Tuesday Blitz"]
[Site "Chess.com"]
[Date "2020.11.10"]
[Round "2"]
[White "Lion-Al-Messi"]
[Black "FormerProdigy"]
[Result "0-1"]
[WhiteElo "2556"]
[BlackElo "2857"]
[TimeControl "180+1"]
[EndTime "10:19:19 PST"]
[Termination "FormerProdigy won by resignation"]

1. d4 Nf6 2. Nf3 e6 3. Nc3 d5 4. Bg5 Bb4 5. e3 c5 6. Bd3 h6 7.
Bxf6 Qxf6 8. O-O O-O 9. a3 Bxc3 10. bxc3 Nc6 11. e4 cxd4 12. exd5 exd5 13. Nxd4 Ne5 14.
Rb1 b6 15. Re1 Bd7 16. Qd2 Rfe8 17. f3 Rac8 18. Re2 Qd6 19. Rbe1 Nxd3 20. Rxe8+ Rxe8 21. Rxe8+ Bxe8 22. Qxd3 Qxa3 23. Nf5 Qc5+ 24. Kh1 Bd7 25. Ne3 Be6 26. Qd4 a5 27. Kg1 a4 28. Qxc5 bxc5 29. c4 a3 30. c3 Bf5 31. cxd5 a2 32. Nxf5 a1=Q+ 33. Kf2 Qxc3 34. d6 Qd2+ 35. Kg3 Qg5+ 0-1

[Event "*** Titled Tuesday Blitz"]
[Site "Chess.com"]
[Date "2020.11.10"]
[Round "2"]
[White "FrenchMonster2002"]
[Black "ecwinslow"]
[Result "1-0"]
[WhiteElo "2446"]
[BlackElo "2230"]
[TimeControl "180+1"]
[EndTime "10:19:19 PST"]
[Termination "FrenchMonster2002 won on time"]

1. e4 c5 2. Nc3 d6 3. d4 cxd4 4. Qxd4 Nc6 5. Qd2 g6 6. b3 Bg7 7. Bb2 Nf6 8. O-O-O O-O 9. Kb1 a6 10. f3 Re8 11. g4 b5 12. h4 Be6 13. h5 b4 14. Nd5 Bxd5 15. exd5 Ne5 16. hxg6 hxg6 17. g5 Nh5 18. f4 Ng4 19. Bxg7 Kxg7 20. Rh4 f5 21.
Be2 Qd7 22. Nf3 a5 23. Nd4 Kf7 24. Bxg4 fxg4 25. f5 Rh8 26. Rxg4 gxf5 27. g6+ Kg8 28. Rg5 Nf6 29. Ne6 1-0

[Event "*** Titled Tuesday Blitz"]
[Site "Chess.com"]
[Date "2020.11.10"]
[Round "2"]
[White "VinzentSpitzl"]
[Black "IMDT02"]
[Result "0-1"]
[WhiteElo "2309"]
[BlackElo "2603"]
[TimeControl "180+1"]
[EndTime "10:19:20 PST"]
[Termination "IMDT02 won by resignation"]

1. e4 c6 2. Nf3 d5 3. Nc3 dxe4 4. Nxe4 Nf6 5. Qe2 Nxe4 6. Qxe4 Qd5 7. Qh4 Qe6+ 8. Be2 Qg4 9. Qg3 Qxg3 10. hxg3 g6 11. d4 Bg7 12. c3 h5 13. Bf4 Bf5 14. O-O-O Nd7 15. Rhe1 O-O 16. Bd3 Bxd3 17. Rxd3 e6 18. Be5 Rad8 19. Kc2 Nb6 20. a3 Rd5 21. Bxg7 Kxg7 22.
b3 Rfd8 23. c4 R5d7 24. Red1 Nc8 25. Kc3 Ne7 26. Ne5 Rd6 27. g4 f6 28. c5 Rd5 29.
Nc4 hxg4 30. Nd6 Rd7 31. b4 Nf5 32. Re1 Nxd6 33. cxd6 R5xd6 34. Rde3 Re7 35. Kc4 f5 36. g3 Kf6 37. Re5 Rd5 38. R5e3 Rd6 39. a4 Red7 40. Rd1 Rd5 41. b5 c5 42. a5 Rxd4+ 43. Rxd4 cxd4 44.
Rd3 e5 45. Kc5 Ke6 46. a6 bxa6 47. bxa6 Rc7+ 48. Kb5 Kd5 0-1

[Event "*** Titled Tuesday Blitz"]
[Site "Chess.com"]
[Date "2020.11.10"]
[Round "2"]
[White "Brave_spirit12"]
[Black "alexrustemov"]
[Result "0-1"]
[WhiteElo "2496"]
[BlackElo "2719"]
[TimeControl "180+1"]
[EndTime "10:19:21 PST"]
[Termination "alexrustemov won by resignation"]

1. e4 e6 2. d4 d5 3. exd5 exd5 4. Nc3 Nf6 5. Bd3 Be7 6. Nge2 O-O 7. Bg5 c6 8. Qd2 Nbd7 9. O-O-O Re8 10. h4 b5 11.
f3 Qa5 12. g4 b4 13. Nb1 Qxa2 14. h5 Nb6 15. Bxf6 Bxf6 16. g5 Na4 17. Qxb4 Bxg5+ 18. f4 Bh6 19. Rdf1 Bg4 20. Nec3 Nxc3 21. Nxc3 Qa1+ 22. Nb1 Rab8 23. Qc3 Be2 24. Bxe2 Rxe2 25. Rf3 Rbe8 26. Qxc6 Qa5 27. Nc3 R2e6 28. Qxd5 Qa1+ 29. Nb1 Rb6 30. Rb3 Bxf4+ 0-1

[Event "*** Titled Tuesday Blitz"]
[Site "Chess.com"]
[Date "2020.11.10"]
[Round "2"]
[White "lacafi"]
[Black "DishonorOnYourCow"]
[Result "0-1"]
[WhiteElo "2120"]
[BlackElo "2394"]
[TimeControl "180+1"]
[EndTime "10:19:21 PST"]
[Termination "DishonorOnYourCow won by resignation"]

1. d4 Nf6 2. Nf3 g6 3. c4 Bg7 4.
Nc3 d5 5. cxd5 Nxd5 6. e4 Nxc3 7. bxc3 O-O 8. Be2 c5 9. O-O b6 10. Be3 Bb7 11. Qc2 Nd7 12. Rab1 Rc8 13. d5 Qc7 14. c4 e6 15. Rfd1 exd5 16. exd5 Ne5 17.
Rb3 Rcd8 18. h3 Bc8 19. Nxe5 Bxe5 20. Bd3 Bd7 21. Rbb1 Rfe8 22. Re1 Rb8 23. a4 Bf4 24. Bxf4 Qxf4 25. Ra1 Qd4 26. Rad1 Qh4 27. Ra1 Qd4 28.
Rad1 Rxe1+ 29. Rxe1 Re8 30. Rxe8+ Bxe8 31. Bf1 Bd7 32.
Qa2 Qd1 33. a5 b5 34. Qe2 Qxe2 35.
Bxe2 b4 36. Kf1 b3 37. Ke1 b2 38. Bd3 Bf5 0-1

[Event "*** Titled Tuesday Blitz"]
[Site "Chess.com"]
[Date "2020.11.10"]
[Round "2"]
[White "XDPS"]
[Black "xberli"]
[Result "1-0"]
[WhiteElo "2803"]
[BlackElo "2533"]
[TimeControl "180+1"]
[EndTime "10:19:22 PST"]
[Termination "XDPS won by resignation"]

1. d4 Nf6 2. Nf3 g6 3. Nbd2 Bg7 4. e4 d5 5. exd5 Nxd5 6. c3 O-O 7. Bc4 Nb6 8. Be2 N8d7 9. O-O c5 10. Nb3 cxd4 11. Nbxd4 Nf6 12. h3 Re8 13. Bg5 Bd7 14. Ne5 Ba4 15. Qc1 Qd5 16. Bf4 Qc5 17. Nd3 Qc8 18.
Re1 Bd7 19. Bf3 Nfd5 20. Bg3 a5 21. Ne5 a4 22. a3 Bf5 23. c4 Nf6 24. Nxf5 Qxf5 25.
Bxb7 Rab8 26. Bf3 Rec8 27. Qe3 Nxc4 28. Nxc4 Rxc4 29. Bxb8 1-0

[Event "*** Titled Tuesday Blitz"]
[Site "Chess.com"]
[Date "2020.11.10"]
[Round "2"]
[White "talman67"]
[Black "Aleksey_Sorokin"]
[Result "1-0"]
[WhiteElo "2540"]
[BlackElo "2741"]
[TimeControl "180+1"]
[EndTime "10:19:24 PST"]
[Termination "talman67 won by resignation"]

1. e4 c6 2. d4 d5 3. e5 Bf5 4. Nf3 e6 5. Be2 Ne7 6. O-O c5 7. c4 Nbc6 8. dxc5 d4 9. Qb3 Qc7 10. Rd1 Rd8 11. Qa4 d3 12. Bf1 Ng6 13. Nc3 Bxc5 14. Bg5 Rd7 15. Nb5 Qb6 16. Nd6+ Kf8 17. Nxf5 exf5 18. Bxd3 h6 19. Bc1 Ngxe5 20. Nxe5 Nxe5 21.
Bxf5 Rxd1+ 22. Qxd1 Bxf2+ 23. Kh1 g6 24. Be4 Kg7 25. Bd5 Qf6 26. Bd2 Bd4 27. Rb1 b6 28. Qe2 h5 29. Rf1 Qe7 30. Rxf7+ Qxf7 31. Bxf7 Nxf7 32.
b4 Rd8 33. h3 Be5 34. c5 bxc5 35. bxc5 Rb8 36. g4 Rb1+ 37. Kg2 hxg4 38. hxg4 Rb2 39. c6 Rc2 40. Bh6+ 1-0

[Event "*** Titled Tuesday Blitz"]
[Site "Chess.com"]
[Date "2020.11.10"]
[Round "2"]
[White "crazy_but_lazy"]
[Black "emiliochess"]
[Result "1-0"]
[WhiteElo "2464"]
[BlackElo "2264"]
[TimeControl "180+1"]
[EndTime "10:19:25 PST"]
[Termination "crazy_but_lazy won by checkmate"]

1. e4 c6 2. Nc3 d5 3. Nf3 Bg4 4. h3 Bxf3 5. gxf3 d4 6. Ne2 e5 7. d3 Be7 8. f4 f6 9. Rg1 g6 10. f5 g5 11. Ng3 Nd7 12. Qh5+ Kf8 13. h4 Qe8 14. hxg5 fxg5 15. Bxg5 Ndf6 16. Qh4 h6 17. Bd2 Qf7 18. Be2 Rh7 19. Nh5 Rd8 20. Qh2 Nxh5 21.
Bxh5 Qf6 22. Bg6 Rh8 23. O-O-O c5 24. f4 Bd6 25. Bh5 Ne7 26. Rg2 Rg8 27. Rdg1 Rxg2 28.
Rxg2 c4 29. fxe5 Bxe5 30. Qxe5 Qxe5 31. Bxh6+ Qg7 32. Bxg7+ Kg8 33. Bf6+ Kh7 34. Bxe7 Rg8 35. Bg6+ Kh6 36. Bg5+ Kg7 37. e5 Kf8 38. e6 cxd3 39. cxd3 b5 40. Bh5 b4 41. f6 b3 42. e7# 1-0

[Event "*** Titled Tuesday Blitz"]
[Site "Chess.com"]
[Date "2020.11.10"]
[Round "2"]
[White "AlexandraBotez"]
[Black "SergeyShtyka"]
[Result "0-1"]
[WhiteElo "2100"]
[BlackElo "2386"]
[TimeControl "180+1"]
[EndTime "10:19:27 PST"]
[Termination "SergeyShtyka won on time"]

1. d4 c5 2. d5 e5 3. c4 d6 4. Nc3 Be7 5. e4 Bg5 6. Nf3 Bxc1 7. Qxc1 Nf6 8. h3 O-O 9. Bd3 Nbd7 10. O-O a6 11.
Nd2 Re8 12. a4 b6 13. b3 Nf8 14.
Qc2 Ng6 15. Ne2 Nh5 16. a5 bxa5 17. Qa2 Nhf4 18. Nxf4 Nxf4 19. Bc2 Qg5 20. g3 Nxh3+ 21. Kg2 Qxd2 22. Bd1 Qxa2 23. Rxa2 Ng5 24. Rxa5 Nxe4 25.
f3 Nf6 26. Bc2 g6 27. Re1 Kg7 28. Ra4 Bd7 29. Ra3 Reb8 30. Re3 a5 31. Bd1 Rb4 32. Rc3 h5 33. Kf2 e4 34. f4 Bg4 35. Bc2 Bf5 36. Bd1 Ng4+ 37. Bxg4 Bxg4 38. Ke3 Bf5 39. Kf2 Kf6 40. Ke3 g5 41. Rc1 a4 42. bxa4 Rbxa4 43. Rac3 Ra3 44. fxg5+ Kxg5 0-1

[Event "*** Titled Tuesday Blitz"]
[Site "Chess.com"]
[Date "2020.11.10"]
[Round "2"]
[White "Luklei18"]
[Black "Klavdia_Nik"]
[Result "1-0"]
[WhiteElo "2404"]
[BlackElo "2117"]
[TimeControl "180+1"]
[EndTime "10:19:29 PST"]
[Termination "Luklei18 won on time"]

1. c4 Nf6 2. Nc3 b6 3. e4 d6 4. d4 Bb7 5. Bd3 c5 6. d5 g6 7.
f4 Bg7 8. Nf3 O-O 9. O-O Ne8 10.
e5 a6 11. Qe2 b5 12. b3 Nc7 13.
Bd2 e6 14. Ne4 exd5 15. Nxd6 Bc6 16. cxd5 Nxd5 17. Rac1 Qb6 18. Kh1 Ra7 19. Qf2 Nd7 20.
Ng5 Nb4 21. Bxb4 cxb4 22. Qxb6 Nxb6 23. Rxc6 1-0

[Event "*** Titled Tuesday Blitz"]
[Site "Chess.com"]
[Date "2020.11.10"]
[Round "2"]
[White "m_ezat"]
[Black "monalize"]
[Result "1/2-1/2"]
[WhiteElo "2489"]
[BlackElo "2300"]
[TimeControl "180+1"]
[EndTime "10:19:30 PST"]
[Termination "Game drawn by repetition"]

1. d4 Nf6 2. c4 d6 3. Nc3 e5 4.
Nf3 Nbd7 5. Bg5 h6 6. Bh4 c6 7. Qc2 Be7 8. O-O-O Nh5 9. Bxe7 Qxe7 10. e3 Nhf6 11. Kb1 a6 12. Bd3 b5 13. g4 b4 14.
Ne4 Nxg4 15. Rhg1 f5 16. Ng3 e4 17. Nxf5 exd3 18. Qxd3 Qf6 19. Rxg4 Nc5 20. Nxg7+ Kf7 21. dxc5 Bxg4 22. Rg1 Bxf3 23. Nf5 Rag8 24. Nxd6+ Ke6 25.
Re1 Rd8 26. e4 Rxd6 27. Qxd6+ Kf7 28. Qd7+ Qe7 29. Qf5+ Qf6 30. Qd7+ Kf8 31. Qc8+ Kf7 32. Qd7+ 1/2-1/2

[Event "*** Titled Tuesday Blitz"]
[Site "Chess.com"]
[Date "2020.11.10"]
[Round "2"]
[White "juancruzarias"]
[Black "OldweakGM"]
[Result "1-0"]
[WhiteElo "2579"]
[BlackElo "2841"]
[TimeControl "180+1"]
[EndTime "10:19:31 PST"]
[Termination "juancruzarias won by resignation"]

1. d4 d5 2. c4 c6 3. Nc3 Nf6 4.
cxd5 cxd5 5. Nf3 Nc6 6. Bf4 Bf5 7. e3 e6 8. Bb5 Bb4 9. O-O Bxc3 10. Bxc6+ bxc6 11. bxc3 Qa5 12. Ne5 Rc8 13. c4 O-O 14. c5 Ne4 15. f3 Nf6 16. g4 Bg6 17. h4 h6 18. Nxg6 fxg6 19. Qc2 Kf7 20. Rab1 Qa6 21. Rb3 Rfd8 22. Rfb1 Rd7 23. Kg2 Qc4 24. Rc3 Qa6 25. Be5 Re8 26. Rcb3 Ree7 27. Bd6 Re8 28. Qb2 Red8 29.
Ra3 Qc4 30. Rc3 Qa6 31. Rb3 Re8 32. Rf1 Red8 33. e4 Qc4 34. e5 Ng8 35. Rc1 Qa6 36. Qd2 Ne7 37. Qc2 Ng8 38. Rcb1 Ne7 39. Kg3 Ng8 40.
R1b2 Ne7 41. Qb1 Ng8 42. Rf2 Ne7 43. f4 Qc4 44. Rb4 Qc3+ 45. Rf3 Qd2 46. Rb7 h5 47. f5 gxf5 48. gxf5 Qh6 49. fxe6+ Kxe6 50. Bxe7 Rxb7 51. Qxb7 Qg6+ 52. Kh2 Qc2+ 53. Kh3 1-0

[Event "*** Titled Tuesday Blitz"]
[Site "Chess.com"]
[Date "2020.11.10"]
[Round "2"]
[White "azikom"]
[Black "chito89"]
[Result "0-1"]
[WhiteElo "2553"]
[BlackElo "2855"]
[TimeControl "180+1"]
[EndTime "10:19:32 PST"]
[Termination "chito89 won by resignation"]

1. d4 Nf6 2. Nf3 e6 3. Bg5 h6 4. Bh4 d6 5. e3 g5 6. Bg3 Nh5 7. c3 Bg7 8. Nbd2 Nd7 9. Qc2 a6 10. Be2 Qe7 11. O-O-O Nxg3 12. hxg3 b5 13. Kb1 Bb7 14. Ne1 c5 15. f4 Rc8 16. Bf3 d5 17.
Qd3 b4 18. c4 cxd4 19. exd4 Qf6 20. cxd5 exd5 21. Nc2 gxf4 22. Nxb4 Nc5 23. Qe2+ Kf8 24. Nb3 Nxb3 25. axb3 fxg3 26. Ka2 Qd6 27. Nc2 a5 28. Rxh6 Rxh6 0-1